 Dungeon Crawl Stone Soup version 0.28-a0-1347-g113dc556a4 (webtiles) character file.

Game seed: 7801147157676387507

230 2tousent the Sneak (level 5, -1/35 HPs)
             Began as a Vampire Enchanter on Dec 29, 2021.
             Was a Believer of Jiyva.
             Slain by Pikel (10 damage)
             ... on level 4 of the Dungeon.
             The game lasted 00:06:30 (2517 turns).

2tousent the Sneak (Vampire Enchanter)              Turns: 2517, Time: 00:06:30

Health: -1/35      AC:  2    Str:  7    XL:     5   Next: 72%
Magic:  2/8        EV: 13    Int: 18    God:    Jiyva [**....]
Gold:   48         SH:  0    Dex: 16    Spells: 3/8 levels left

rFire   . . .      SeeInvis +   a - +1 dagger
rCold   + . .      Faith    .   (no shield)
rNeg    . . .      Spirit   .   b - +0 robe
rPois   .          Reflect  .   (no helmet)
rElec   .          Harm     .   (no cloak)
rCorr   +          Rampage  .   (no gloves)
Will    .....                   (no boots)
Stlth   +++.......              e - amulet of regeneration
HPRegen 2.07/turn               g - ring of protection from cold
MPRegen 0.41/turn               k - ring of wizardry

@: confusing by touch, healing quickly
A: alive, fangs 3, see invisible, vampiric 2
a: Exsanguinate, Renounce Religion


You were on level 4 of the Dungeon.
You worshipped Jiyva.
Jiyva was pleased with you.
You visited 1 branch of the dungeon, and saw 4 of its levels.

You collected 48 gold pieces.

Inventory:

Hand Weapons
 a - a +1 dagger (weapon)
Armour
 b - a +0 robe (worn)
Jewellery
 e - an amulet of regeneration (around neck)
 g - a ring of protection from cold (left hand)
 k - a ring of wizardry (right hand)
 l - a ring of flight
Scrolls
 d - a scroll of teleportation {unknown}
 f - a scroll of fog {unknown}
 m - 2 scrolls of fear
Potions
 c - 2 potions of invisibility
 h - 2 potions of attraction
 i - a potion of heal wounds
 j - 3 potions of lignification {unknown}


   Skills:
 + Level 3.5 Short Blades
 - Level 0.5 Armour
 * Level 2.7 Dodging
 * Level 5.3 Stealth
 - Level 2.0 Spellcasting
 * Level 5.3 Hexes
 - Level 3.0 Ice Magic


You had 3 spell levels left.
You knew the following spells:

 Your Spells              Type           Power      Damage    Failure   Level
a - Ensorcelled Hibernat  Hex/Ice        32%        N/A       1%          2
b - Confusing Touch       Hex            20%        N/A       2%          3

Your spell library contained the following spells:

 Spells                   Type           Power      Damage    Failure   Level
 Tukima's Dance           Hex            20%        N/A       2%          3
 Dazzling Flash           Conj/Hex       22%        N/A       8%          3


Dungeon Overview and Level Annotations

Branches:
Dungeon (4/15)
 Temple: D:4-7

Altars:
Zin
The Shining One
Jiyva

Annotations:
D:4 Pikel


Innate Abilities, Weirdness & Mutations

Your natural rate of healing is accelerated.
You have razor-sharp teeth.
You have supernaturally acute eyesight. (SInv)
You are afflicted with vampirism and can become a bat while bloodless.


Message History

You kill the lemure!
That felt strangely unrewarding.
Casting: Ensorcelled Hibernation (safe; 1% risk of failure)
Confirm with . or Enter, or press ? or * to list all spells.
Aiming: Ensorcelled Hibernation (safe; 1% risk of failure)
Press: ? - help, Shift-Dir - straight line, f - Pikel
Aim: Pikel, wielding a +2 whip of flaming and wearing a +0 robe (chance to affect: 50%) Pikel resists with some effort.
Pikel hits you with a +2 whip of flaming!
Pikel burns you.
Casting: Ensorcelled Hibernation (safe; 1% risk of failure)
Confirm with . or Enter, or press ? or * to list all spells.
Aiming: Ensorcelled Hibernation (safe; 1% risk of failure)
Press: ? - help, Shift-Dir - straight line, f/p - Pikel
Aim: Pikel, wielding a +2 whip of flaming and wearing a +0 robe (chance to affect: 50%) Pikel looks drowsy...
The helpless Pikel fails to defend himself.
You impale Pikel!!
Pikel is severely wounded.
Pikel hits you with a +2 whip of flaming!
Pikel burns you.
Casting: Ensorcelled Hibernation (safe; 1% risk of failure)
Confirm with . or Enter, or press ? or * to list all spells.
You don't know that spell.
Casting: Ensorcelled Hibernation (safe; 1% risk of failure)
Confirm with . or Enter, or press ? or * to list all spells.
Your hands begin to glow red.
Pikel hits you with a +2 whip of flaming.
* * * LOW HITPOINT WARNING * * *
Pikel burns you.
* * * LOW HITPOINT WARNING * * *
You barely miss Pikel.
Pikel is severely wounded.
You hit Pikel but do no damage.
Pikel is severely wounded.
Pikel misses you.
You hit Pikel but do no damage.
Pikel is severely wounded.
Pikel hits you with a +2 whip of flaming!
You die...

#.#
#..#.....†....##
###
##..##.....#####
######..........##
##................#
#....###.##.......#
##.### #.##.......#
#.# #.###.....##
### #)# ##...## ##
#@# ##### $. #K#
#.###o####
#.#..5...#
#.#......#
#........#
#..#......#
#..#......#
#5....#####


You could see Pikel, a lemure and an orc.

Vanquished Creatures
  3 lemures (D:4)
  A hound (D:4)
  3 iguanas (D:4)
  4 adders
  3 worms
  2 dart slugs
  3 orcs (D:4)
  5 ball pythons
  3 bats
  8 endoplasms
  4 giant cockroaches
  3 goblins
  12 hobgoblins
  2 jackals (D:1)
  2 quokkas
  4 frilled lizards
  5 kobolds
  6 rats
73 creatures vanquished.

Vanquished Creatures (others)
  Grinder (D:3)
  A jelly (D:3)
  An adder (D:3)
  5 orcs (D:3)
  3 ball pythons
  2 endoplasms (D:4)
  A giant cockroach (D:3)
  A goblin (D:3)
  A rat (D:3)
  A fungus (D:4)
17 creatures vanquished.

Grand Total: 90 creatures vanquished

Notes
Turn   | Place    | Note
-------+----------+-------------------------------------------
     0 | D:1      | 2tousent the Vampire Enchanter began the quest for the Orb.
     0 | D:1      | Reached XP level 1. HP: 13/13 MP: 3/3
   136 | D:1      | Reached XP level 2. HP: 19/19 MP: 5/5
   181 | D:1      | Learned a level 2 spell: Ensorcelled Hibernation
   226 | D:1      | Reached skill level 5 in Stealth
   341 | D:1      | Reached skill level 5 in Hexes
   695 | D:1      | Reached skill level 1 in Ice Magic
   706 | D:1      | Gained mutation: You are afflicted with vampirism and can
                  | become a bat while bloodless. [Vampire growth]
   706 | D:1      | Reached XP level 3. HP: 14/24 MP: 1/6
   755 | D:1      | Learned a level 3 spell: Confusing Touch
  1394 | D:2      | Reached XP level 4. HP: 30/30 MP: 7/7
  1561 | D:2      | Found a faded altar of an unknown god.
  1564 | D:2      | Prayed at the altar of an unknown god.
  1564 | D:2      | Became a worshipper of Jiyva Jier the Shapeless
  1564 | D:2      | Reached * piety under Jiyva
  1869 | D:3      | Killed Grinder
  2019 | D:3      | Reached ** piety under Jiyva
  2339 | D:4      | Reached XP level 5. HP: 35/35 MP: 5/8
  2464 | D:4      | Noticed a lemure
  2469 | D:4      | Noticed a lemure
  2470 | D:4      | Noticed a lemure
  2478 | D:4      | Noticed Pikel
  2489 | D:4      | Killed a lemure
  2492 | D:4      | Noticed a lemure
  2493 | D:4      | Killed a lemure
  2510 | D:4      | Killed a lemure
  2517 | D:4      | Slain by Pikel

Illustrated notes

Levels and vault maps discovered:
D:1:      dpeg_arrival_shelter, layout_basic, minmay_heptomino_h4
D:2:      layout_basic, basic_altar, shapermc_ecumenical_altar_mp_vishouse,
          serial_corexii_hall, corexii_hall_statues_i, corexii_hall_statues_u,
          chequers_hall_statues_y
D:3:      layout_loops_ring, lemuel_coloured_pillars_altar, grunt_ministairs_11,
          uniq_grinder
D:4:      layout_rooms, nicolae_uskayaw_dance_hall,
          minmay_temple_entry_poolview, eino_curves_02, uniq_pikel,
          uniq_crazy_yiuf_cottage, uniq_eustachio

Skill      XL: |  1  2  3  4 |
---------------+-------------+-----
Stealth        | 5 |  5.3
Hexes          | 5 |  5.3
Ice Magic      | 1 2 3 |  3.0
Short Blades   | 2 3 |  3.5
Armour         | |  0.5
Dodging        | |  2.7
Spellcasting   | |  2.0

Action                   |  1- 3 |  4- 6 || total
-------------------------+-------+-------++-------
Melee: Dagger            |   156 |    98 ||   254
       Bite              |    15 |     4 ||    19
 Cast: Ensorcelled Hiber |     8 |    17 ||    25
       Confusing Touch   |     3 |     2 ||     5
  Use: Scroll            |     4 |       ||     4
 Stab: Sleeping          |    19 |    20 ||    39
       Confused          |     1 |     1 ||     2
Armor: Robe              |    27 |    11 ||    38
Dodge: Dodged            |    70 |    44 ||   114

Table legend: (Time is in decaauts)
 A = Elapsed time spent in this place.
 B = Non-inter-level travel time spent in this place.
 C = Inter-level travel time spent in this place.
 D = Time resting spent in this place.
 E = Time spent auto-exploring this place.
 F = Levels seen in this place.
 G = Mean time per level.
                   A        B        C        D        E       F      G
               +--------+--------+--------+--------+--------+-----+--------+
         Total |   2486 |   2424 |     62 |      0 |   1823 |   4 |  621.5 |
       Dungeon |   2486 |   2424 |     62 |      0 |   1823 |   4 |  621.5 |
               +--------+--------+--------+--------+--------+-----+--------+

Top non-repeatable levels by time:
     D:1: 922 daAuts
     D:2: 711 daAuts
     D:3: 658 daAuts
     D:4: 193 daAuts
